 Dungeon Crawl Stone Soup version 0.27-a0-1144-g0b7d3b79db (webtiles) character file.

Game seed: 9288049785547231008

1046 freelancePsychic the Covert (level 8, -3/49 HPs)
             Began as a Kobold Delver on May 11, 2021.
             Was an Initiate of Wu Jian.
             Killed by nerve-wracking pain
             ... invoked by an orc priest
              (9 damage)
             ... on level 6 of the Dungeon.
             The game lasted 00:18:27 (7310 turns).

freelancePsychic the Covert (Kobold Delver)         Turns: 7310, Time: 00:18:28

Health: -3/49      AC: 11    Str: 11    XL:     8   Next: 50%
Magic:  8/8        EV: 15    Int: 11    God:    Wu Jian [......]
Gold:   207        SH:  0    Dex: 17    Spells: 7/7 levels left

rFire    . . .     SeeInvis .   b - +1 falchion (drain)
rCold    . . .     Faith    .   (shield restricted)
rNeg     . . .     Spirit   .   i - +0 ring mail
rPois    .         Reflect  .   p - +2 helmet
rElec    .         Harm     .   (no cloak)
rCorr    .         Rampage  .   u - +2 pair of gloves
Will     .....                  (no boots)
Stlth    +++++.....             (no amulet)
HPRegen  0.16/turn              (no ring)
MPRegen  0.11/turn              (no ring)

@: no status effects
A: small, no large weapons, nightstalker 3
a: Renounce Religion


You were on level 6 of the Dungeon.
You worshipped Wu Jian.
Wu Jian was noncommittal.
You visited 2 branches of the dungeon, and saw 7 of its levels.

You collected 207 gold pieces.

Inventory:

Hand Weapons
 a - a +3 dagger
 b - a +1 falchion of draining (weapon)
Missiles
 d - 47 sling bullets
 k - a throwing net (quivered)
Armour
 h - a +0 leather armour
 i - a +0 ring mail (worn)
 o - a +0 plate armour
 p - a +2 helmet (worn)
 u - a +2 pair of gloves (worn)
 w - a +0 buckler
Jewellery
 l - a +6 ring of dexterity
Wands
 g - a wand of digging (3)
 q - a wand of flame (45)
Scrolls
 c - 3 scrolls of fog
 e - 2 scrolls of magic mapping
 f - 2 scrolls of teleportation {unknown}
 m - 2 scrolls of enchant armour {unknown}
 n - a scroll of immolation {unknown}
 t - 3 scrolls of noise {unknown}
 v - a scroll of identify {unknown}
Potions
 j - a potion of brilliance
 r - a potion of magic {unknown}
 s - a potion of resistance {unknown}


   Skills:
 + Level 5.3 Fighting
 - Level 8.0 Short Blades
 + Level 5.2 Dodging
 * Level 9.7 Stealth


You had 7 spell levels left.
You didn't know any spells.
Your spell library was empty.

Dungeon Overview and Level Annotations

Branches:
Dungeon (6/15)             Temple (1/1) D:5

Altars:
Ashenzari
Cheibriados
Dithmenos
Fedhas
Gozag
Hepliaklqana
Kikubaaqudgha
Okawaru
Trog
Uskayaw
Wu Jian
Yredelemnul
Zin
The Shining One

Shops:
D:5 [(**

Annotations:
D:2 Natasha
D:3 3 runed translucent doors, Sigmund
D:4 Pikel


Innate Abilities, Weirdness & Mutations

You are small and have problems with some larger weapons.
You are completely attuned to the shadows.


Message History

Found a club.
The orc priest shouts!
You hit the orc but do no damage.
The orc priest miscasts a cantrip.
The orc misses you.
You sense an unholy aura.
b - a +1 falchion of draining (weapon)
You hit the orc but do no damage. You drain the orc.
The orc is heavily wounded.
You hit the orc.
You kill the orc!
The Council accepts your kill. The orc priest closely misses you.
Things that are here:
a +0 short sword; a +0 leather armour You barely miss the orc priest.
The orc warrior hits you from afar with a +0 glaive!!
The orc priest barely misses you.
The orc priest hits you but does no damage.
The orc warrior falls through a shaft!
The shaft crumbles and collapses.
The orc priest miscasts a cantrip.
You hit the orc priest.
The orc priest is moderately wounded.
The orc priest invokes the aid of Beogh against you.
Beogh smites you!
You closely miss the orc priest.
The orc priest is moderately wounded.
The orc priest hits you but does no damage.
The orc priest hits you with a +0 dagger.
You hit the orc priest.
The orc priest is heavily wounded.
The orc priest calls down the wrath of Beogh upon you.
Beogh smites you!
* * * LOW HITPOINT WARNING * * *
Okay, then.
You hit the orc priest. You drain the orc priest.
The orc priest is almost dead.
The orc priest mumbles some strange prayers to Beogh against you.
Pain shoots through your body!
You die...

######### ........##
#########
######...########.......#
#####.#<#........o....o.#
..#........#####@#.....)#
..#.#.#[#.######.#..###.#
..#.##...###...#.#..# #.#
..#.###....>...#.#..##...#
....###..###...#.. ..._...
.........# ##.####
###.).##. ...#####.#
##.##### ##.## ...# #.#
#...##.# ...# #.###.#....#


You could see an orc priest (drained).

Vanquished Creatures
  A water moccasin (D:5)
  2 sky beasts (D:5)
  An ogre (D:5)
  2 lemures (D:4)
  A howler monkey (D:5)
  A jelly (D:5)
  2 orc priests (D:5)
  A centaur skeleton (D:3)
  8 hounds
  An iguana (D:6)
  Ijyb (D:3)
  An orc wizard (D:5)
  A howler monkey zombie (D:6)
  3 adders
  3 gnolls (D:6)
  A shadow imp (D:5)
  2 white imps (D:6)
  An ufetubus (D:5)
  An adder skeleton (D:4)
  A worm (D:4)
  7 orcs
  3 ball pythons
  4 bats
  14 endoplasms
  5 giant cockroaches
  16 goblins
  5 hobgoblins
  6 jackals
  8 quokkas
  3 frilled lizards
  4 kobolds
  3 rats (D:1)
113 creatures vanquished.

Vanquished Creatures (others)
  3 plants (D:5)
3 creatures vanquished.

Grand Total: 116 creatures vanquished

Notes
Turn   | Place    | Note
-------+----------+-------------------------------------------
     0 | D:5      | freelancePsychic the Kobold Delver began the quest for the
                  | Orb.
     0 | D:5      | Reached XP level 1. HP: 14/14 MP: 1/1
     5 | D:5      | Found Lecrod's Weapon Shoppe.
     9 | D:5      | Found Foifuduic's Armour Boutique.
    16 | D:5      | Noticed a sky beast
   102 | D:4      | Reached XP level 2. HP: 19/19 MP: 2/2
   167 | D:4      | Noticed an ogre
   412 | D:4      | Noticed Pikel
   413 | D:4      | Noticed a lemure
   414 | D:4      | Noticed a lemure
   857 | D:3      | Found a runed translucent gate.
   858 | D:3      | Found a runed translucent gate.
   859 | D:3      | Found a runed translucent gate.
  1171 | D:2      | Noticed Natasha
  1257 | D:2      | Reached XP level 3. HP: 23/23 MP: 3/3
  1328 | D:2      | Reached skill level 7 in Stealth
  2153 | D:2      | Reached XP level 4. HP: 28/28 MP: 4/4
  2595 | D:1      | Reached skill level 5 in Short Blades
  2746 | D:1      | Found a faded altar of an unknown god.
  3239 | D:3      | Reached XP level 5. HP: 32/32 MP: 5/5
  3534 | D:3      | Noticed Ijyb
  3539 | D:3      | Killed Ijyb
  3558 | D:3      | Noticed Sigmund
  3917 | D:3      | Found a bloodstained altar of Trog.
  4110 | D:4      | Killed a lemure
  4387 | D:4      | Noticed a lemure
  4389 | D:4      | Noticed a lemure
  4391 | D:4      | Killed a lemure
  4591 | D:4      | Reached XP level 6. HP: 29/37 MP: 6/6
  4737 | D:5      | Found Cexom's General Store.
  4754 | D:5      | Found Purghif's Assorted Antiques.
  4811 | D:5      | Noticed a sky beast
  4827 | D:5      | Killed a sky beast
  4828 | D:5      | Reached XP level 7. HP: 27/42 MP: 7/7
  4983 | D:5      | Noticed a water moccasin
  4987 | D:5      | Reached skill level 8 in Stealth
  5348 | D:5      | Killed a water moccasin
  5638 | D:5      | Reached XP level 8. HP: 37/48 MP: 8/8
  5856 | D:5      | Found a staircase to the Ecumenical Temple.
  5862 | Temple   | Entered the Ecumenical Temple
  6231 | Temple   | Became a worshipper of the Wu Jian Council
  6531 | D:5      | Reached skill level 9 in Stealth
  6688 | D:6      | Reached skill level 5 in Fighting
  6972 | D:6      | Reached skill level 5 in Dodging
  7284 | D:6      | Found an ancient bone altar of Kikubaaqudgha.
  7310 | D:6      | Killed from afar by an orc priest

Illustrated notes

Levels and vault maps discovered:
D:1:      heliophobic_arrival_dark_side_of_the_moon, layout_basic,
          basic_ecumenical_altar
D:2:      layout_loops_ring, serial_co_window_serial, co_window_paths_b,
          co_window_paths_a, co_window_paths_a, co_window_corner_a,
          co_window_paths_a, co_window_paths_a, co_window_unsneaky_path_b,
          co_window_paths_c, co_window_cross_2, co_window_2corner,
          co_window_broadway_a, glass_columns_a, dk_noncrumbling_3, uniq_natasha
D:3:      layout_basic, lemuel_tele_altar, gammafunk_ghost_icy,
          guppyfry_early_orc_mine, uniq_ijyb, uniq_sigmund
D:4:      layout_loops_ring, uniq_pikel
D:5:      layout_cave_pools, lemuel_temple_firewalk_b, serial_shops,
          nicolae_shop_crystal, nicolae_shop_overgrown_old_shop, shop,
          nicolae_shop_waterfront, minmay_misc_feat_rows, minmay_ogre_servants
D:6:      layout_loops_ring, makhleb_grotto_becter, lemuel_crystal_altar,
          nicolae_overflow_crystal_walls
Temple:   minmay_temple_forest_path

Skill      XL: |  1  2  3  4  5  6  7  8 |
---------------+-------------------------+-----
Short Blades   | 3 4 5 7 8 |  8.0
Stealth        | 7 8 9 |  9.7
Dodging        | 3 4 5 |  5.2
Fighting       | 4 5 |  5.3

Action                   |  1- 3 |  4- 6 |  7- 9 || total
-------------------------+-------+-------+-------++-------
Melee: Short sword       |    10 |       |       ||    10
       Dagger            |    15 |    42 |    27 ||    84
       Falchion          |    37 |    78 |    97 ||   212
Invok: Lunge             |       |       |     4 ||     4
  Use: Scroll            |     3 |     1 |       ||     4
       Potion            |     1 |     4 |     2 ||     7
 Stab: Sleeping          |    14 |    34 |     6 ||    54
       Distracted        |     1 |     1 |       ||     2
Armor: Leather armour    |     5 |    22 |    31 ||    58
       Skin              |       |    15 |       ||    15
       Ring mail         |       |       |    23 ||    23
Dodge: Dodged            |    37 |    58 |   128 ||   223
       Rpst.: Falchion   |     9 |    16 |    43 ||    68

Table legend: (Time is in decaauts)
 A = Elapsed time spent in this place.
 B = Non-inter-level travel time spent in this place.
 C = Inter-level travel time spent in this place.
 D = Time resting spent in this place.
 E = Time spent auto-exploring this place.
 F = Levels seen in this place.
 G = Mean time per level.
                   A        B        C        D        E       F      G
               +--------+--------+--------+--------+--------+-----+--------+
         Total |   7278 |   7019 |    259 |    865 |   4919 |   7 | 1039.7 |
       Dungeon |   6771 |   6565 |    206 |    865 |   4467 |   6 | 1128.5 |
        Temple |    507 |    454 |     53 |      0 |    452 |   1 |  507.0 |
               +--------+--------+--------+--------+--------+-----+--------+

Top non-repeatable levels by time:
     D:4: 1672 daAuts
     D:2: 1381 daAuts
     D:5: 1292 daAuts
     D:3: 941 daAuts
     D:1: 824 daAuts
     D:6: 659 daAuts
  Temple: 507 daAuts
